[Event "ICC tourney 2161 (75 10)"]
[Site "Internet Chess Club"]
[Date "2020.11.28"]
[Round "5"]
[White "ChessG2011"]
[Black "ChessMindTT"]
[Result "1/2-1/2"]
[ICCResult "Game drawn by mutual agreement"]
[WhiteElo "1200"]
[BlackElo "1417"]
[Opening "Four knights: Italian variation"]
[ECO "C55"]
[NIC "IG.01"]
[Time "14:47:48"]
[PlyCount "45"]
[TimeControl "4500+10"]


1. e4 e5 2. Nf3 Nc6 3. Bc4 Nf6 4. Nc3 Nxe4 5. Nxe4 d5 6. Bxd5 Qxd5 7. Nc3
Qd8 8. h3 Bc5 9. d3 O-O 10. O-O Qf6 11. Ne4 Qe7 12. Nxc5 Qxc5 13. Be3 Qd6
14. Nd2 Qg6 15. Kh2 f5 16. Nb3 b6 17. Rg1 f4 18. Bd2 Qh6 19. Qf3 g5 20.
Qd5+ Kh8 21. Bc3 Rf5 22. Rh1 Bb7 23. Qd7 { Game drawn by mutual agreement }
1/2-1/2

[Event "ICC tourney 2161 (75 10)"]
[Site "Internet Chess Club"]
[Date "2020.11.28"]
[Round "5"]
[White "JonesGill"]
[Black "Yamato1945"]
[Result "1-0"]
[ICCResult "Black checkmated"]
[WhiteElo "1228"]
[BlackElo "1434"]
[Opening "Caro-Kann: two knights variation"]
[ECO "B11"]
[NIC "CK.01"]
[Time "14:47:57"]
[PlyCount "91"]
[TimeControl "4500+10"]


1. e4 c6 2. Nc3 d5 3. Nf3 dxe4 4. Nxe4 Bf5 5. Ng3 Bg6 6. h4 h6 7. Ne5 Bh7
8. Qh5 g6 9. Bc4 e6 10. Qe2 Qf6 11. d4 Ne7 12. Ne4 Qg7 13. Nd6+ Kd8 14.
Ndxf7+ Kc7 15. Nxh8 Qxh8 16. Bf4 Qf6 17. Bg3 Kd8 18. Ng4 Qf5 19. Qxe6 Qxe6+
20. Bxe6 Na6 21. O-O Ke8 22. Nf6+ Kd8 23. Nxh7 Bg7 24. Be5 Bxe5 25. dxe5
Kc7 26. Rad1 Rd8 27. Rxd8 Kxd8 28. Rd1+ Kc7 29. Rd7+ Kb8 30. Rxe7 Nc7 31.
Nf6 Nxe6 32. Rxe6 Kc7 33. Rd6 Kb6 34. e6 g5 35. e7 g4 36. e8=Q g3 37. Qd8+
Ka6 38. Nd5 gxf2+ 39. Kxf2 h5 40. Nb4+ Kb5 41. a3 c5 42. Rd5 b6 43. Qh8 Ka4
44. Qe8+ b5 45. Rxc5 a5 46. Qxb5# { Black checkmated } 1-0

[Event "ICC tourney 2161 (75 10)"]
[Site "Internet Chess Club"]
[Date "2020.11.28"]
[Round "5"]
[White "mutantpenguin"]
[Black "clammer"]
[Result "1-0"]
[ICCResult "Black checkmated"]
[WhiteElo "1348"]
[BlackElo "1549"]
[Opening "Sicilian defense"]
[ECO "B30"]
[NIC "SI.31"]
[Time "14:48:01"]
[PlyCount "41"]
[TimeControl "4500+10"]


1. e4 c5 2. Nf3 Nc6 3. Be2 e6 4. O-O Nf6 5. e5 Nd5 6. d3 Be7 7. c3 h6 8. d4
g5 9. c4 Nf4 10. Bxf4 gxf4 11. d5 Nb8 12. d6 Bg5 13. Nxg5 Qxg5 14. Nd2 Qxe5
15. Nf3 Qg7 16. Re1 Rg8 17. Bf1 Qxb2 18. Ne5 f6 19. Qh5+ Kd8 20. Qf7 Qxe5
21. Qe7# { Black checkmated } 1-0

[Event "ICC tourney 2161 (75 10)"]
[Site "Internet Chess Club"]
[Date "2020.11.28"]
[Round "5"]
[White "EW2006"]
[Black "Priccchess"]
[Result "0-1"]
[ICCResult "White resigns"]
[WhiteElo "1249"]
[BlackElo "1777"]
[Opening "Philidor: exchange variation"]
[ECO "C41"]
[NIC "KP.08"]
[Time "14:47:58"]
[PlyCount "100"]
[TimeControl "4500+10"]


1. e4 e5 2. Nf3 d6 3. d4 exd4 4. Qxd4 Nf6 5. Nc3 Be7 6. e5 dxe5 7. Qxd8+
Bxd8 8. Nxe5 O-O 9. Bd3 Re8 10. f4 Nbd7 11. O-O Nxe5 12. fxe5 Rxe5 13. Bf4
Re8 14. Bc4 Be6 15. Bxe6 Rxe6 16. Rfe1 Rxe1+ 17. Rxe1 c6 18. Ne4 Bb6+ 19.
Kf1 Nd5 20. Bd2 Rd8 21. c4 Ne7 22. c5 Bc7 23. Nd6 Ng6 24. Bb4 f6 25. Re6
Bxd6 26. cxd6 Kf7 27. Re3 b6 28. Ra3 a5 29. Be1 c5 30. Bg3 Ne5 31. Bxe5
fxe5 32. Rf3+ Ke6 33. Ke2 Rxd6 34. Rf8 Kd5 35. Ke3 c4 36. a3 Kc5 37. Rf7
Rd3+ 38. Ke4 Rb3 39. Rxg7 Rxb2 40. Kxe5 Re2+ 41. Kf4 b5 42. h4 b4 43. axb4+
axb4 44. Rxh7 b3 45. Rb7 Rxg2 46. Kf3 Rg1 47. Ke3 Rh1 48. Rb8 Rxh4 49. Rc8+
Kb4 50. Rb8+ Kc3 { White resigns } 0-1

[Event "ICC tourney 2161 (75 10)"]
[Site "Internet Chess Club"]
[Date "2020.11.28"]
[Round "5"]
[White "CheddarCheng1"]
[Black "lerui"]
[Result "1-0"]
[ICCResult "Black checkmated"]
[WhiteElo "1463"]
[BlackElo "1146"]
[Opening "Giuoco Piano"]
[ECO "C54"]
[NIC "IG.02"]
[Time "14:47:43"]
[PlyCount "45"]
[TimeControl "4500+10"]


1. e4 e5 2. Nf3 Nc6 3. Bc4 Bc5 4. c3 Nf6 5. d3 h6 6. b4 Bd6 7. O-O O-O 8.
Be3 a6 9. Nbd2 b5 10. Bb3 Re8 11. Nh4 a5 12. a3 a4 13. Ba2 Nxe4 14. Bxf7+
Kxf7 15. Qh5+ Kg8 16. Nxe4 Bb7 17. Bxh6 gxh6 18. Qg6+ Kh8 19. Qxh6+ Kg8 20.
Nf6+ Kf7 21. Qg6+ Kf8 22. Nh7+ Ke7 23. Nf5# { Black checkmated } 1-0

[Event "ICC tourney 2161 (75 10)"]
[Site "Internet Chess Club"]
[Date "2020.11.28"]
[Round "5"]
[White "ParthP2003"]
[Black "vedu24"]
[Result "1-0"]
[ICCResult "Black resigns"]
[WhiteElo "1708"]
[BlackElo "1524"]
[Opening "Giuoco Piano"]
[ECO "C54"]
[NIC "IG.02"]
[Time "14:48:02"]
[PlyCount "53"]
[TimeControl "4500+10"]


1. e4 e5 2. Nf3 Nc6 3. Bc4 Bc5 4. c3 Nf6 5. d3 d6 6. O-O Bg4 7. Nbd2 Qd7 8.
b4 Bb6 9. a4 a5 10. b5 Ne7 11. Re1 O-O 12. h3 Bh5 13. Nf1 Ng6 14. Ng3 Nf4
15. Bxf4 exf4 16. Nxh5 Nxh5 17. Qb3 h6 18. e5 dxe5 19. Nxe5 Qf5 20. d4 Rae8
21. Nxf7 Rxe1+ 22. Rxe1 Rxf7 23. Re8+ Kh7 24. Bxf7 Ng3 25. Bg8+ Kg6 26.
Re6+ Kg5 27. Re5 { Black resigns } 1-0

[Event "ICC tourney 2161 (75 10)"]
[Site "Internet Chess Club"]
[Date "2020.11.28"]
[Round "5"]
[White "chessmaster0981"]
[Black "hemtej-g"]
[Result "1-0"]
[ICCResult "Black resigns"]
[WhiteElo "1579"]
[BlackElo "1594"]
[Opening "Queen's pawn game"]
[ECO "D05"]
[NIC "QP.08"]
[Time "14:47:51"]
[PlyCount "49"]
[TimeControl "4500+10"]


1. d4 d5 2. Nf3 Nf6 3. e3 e6 4. Bd3 g6 5. O-O Bg7 6. b3 O-O 7. Ba3 Re8 8.
Nbd2 b6 9. Ne5 a6 10. Ndf3 Bb7 11. Ng5 c5 12. Ngxf7 Qc7 13. Ng5 Nfd7 14. f4
cxd4 15. exd4 Nxe5 16. fxe5 Nc6 17. Rf7 Qd8 18. h4 Rb8 19. Bd6 Nxd4 20.
Bxg6 hxg6 21. Qxd4 Bc6 22. Bxb8 Qxb8 23. Re1 Rf8 24. Qf4 Bh6 25. Qf6 {
Black resigns } 1-0

[Event "ICC tourney 2161 (75 10)"]
[Site "Internet Chess Club"]
[Date "2020.11.28"]
[Round "5"]
[White "dangdang2000"]
[Black "kchinta346"]
[Result "1-0"]
[ICCResult "Black checkmated"]
[WhiteElo "1257"]
[BlackElo "1695"]
[Opening "Pirc: classical (two knights) system"]
[ECO "B08"]
[NIC "PU.10"]
[Time "14:48:14"]
[PlyCount "75"]
[TimeControl "4500+10"]


1. e4 d6 2. d4 Nf6 3. Nc3 g6 4. Nf3 Bg7 5. Bf4 O-O 6. Qd2 Re8 7. Bc4 Nc6 8.
e5 Nh5 9. O-O-O Nxf4 10. Qxf4 e6 11. Rhe1 d5 12. Bd3 Bd7 13. Kb1 a5 14. Ne2
Nb4 15. Ng3 Nxd3 16. Rxd3 b5 17. h4 h5 18. Ng5 Rf8 19. Qf3 a4 20. Nxh5 Bh8
21. Nf6+ Bxf6 22. exf6 e5 23. Rxe5 Bf5 24. Rxf5 Qd7 25. Rxd5 Qe8 26. Re3
Qc6 27. h5 Rad8 28. Rxd8 Qxf3 29. Rxf8+ Kxf8 30. gxf3 gxh5 31. Re7 h4 32.
Rxf7+ Ke8 33. Rh7 h3 34. f7+ Kd7 35. f8=Q+ Kc6 36. Qc5+ Kb7 37. Qxc7+ Ka6
38. Qa7# { Black checkmated } 1-0

[Event "ICC tourney 2161 (75 10)"]
[Site "Internet Chess Club"]
[Date "2020.11.28"]
[Round "5"]
[White "davidtxie"]
[Black "Aserah"]
[Result "1-0"]
[ICCResult "Black resigns"]
[WhiteElo "1682"]
[BlackElo "1504"]
[Opening "Pirc: classical (two knights) system"]
[ECO "B08"]
[NIC "PU.10"]
[Time "14:47:47"]
[PlyCount "47"]
[TimeControl "4500+10"]


1. e4 d6 2. d4 Nf6 3. Nc3 g6 4. Nf3 Bg7 5. Be3 Nbd7 6. Bc4 O-O 7. Qd2 Ng4
8. O-O-O Nxe3 9. Qxe3 c6 10. Bb3 b5 11. h4 a5 12. a4 b4 13. Ne2 h6 14. h5
g5 15. Nxg5 c5 16. Nxf7 Rxf7 17. Bxf7+ Kxf7 18. dxc5 dxc5 19. Nf4 Bd4 20.
Qb3+ e6 21. Nxe6 Bxb2+ 22. Kb1 Qf6 23. Nc7+ Kg7 24. Ne8+ { Black resigns }
1-0

[Event "ICC tourney 2161 (75 10)"]
[Site "Internet Chess Club"]
[Date "2020.11.28"]
[Round "5"]
[White "Nacaroa-Dan"]
[Black "yogokings12"]
[Result "1/2-1/2"]
[ICCResult "Game drawn by repetition"]
[WhiteElo "1571"]
[BlackElo "1669"]
[Opening "Polish (Sokolsky) opening"]
[ECO "A00"]
[NIC "VO.10"]
[Time "14:48:10"]
[PlyCount "103"]
[TimeControl "4500+10"]


1. b4 e5 2. Bb2 Bxb4 3. Bxe5 Nf6 4. Nf3 Nc6 5. Bb2 d5 6. e3 O-O 7. c4 Bg4
8. cxd5 Nxd5 9. Be2 Bd6 10. O-O Nf6 11. Nc3 a6 12. Nd4 Bxe2 13. Ncxe2 Nxd4
14. Bxd4 Ng4 15. f4 Qh4 16. h3 Nf6 17. Qe1 Qxe1 18. Rfxe1 Ne4 19. d3 Nc5
20. Red1 Ne6 21. Bc3 Bc5 22. Kf2 g6 23. Kf3 Rfe8 24. Ng3 f5 25. Be5 Bd6 26.
d4 Bxe5 27. fxe5 c6 28. Rab1 Re7 29. Rb6 Ng5+ 30. Ke2 Rd8 31. h4 Ne6 32.
Kf3 Kf7 33. Ne2 Rdd7 34. Nf4 Nxf4 35. Kxf4 h6 36. Rf1 Ke6 37. Rd1 Rd5 38.
Rdb1 Rb5 39. R6xb5 axb5 40. Rb4 Kd5 41. a4 bxa4 42. Rxa4 b5 43. Rb4 Rb7 44.
h5 Ke6 45. hxg6 Rg7 46. d5+ cxd5 47. Rxb5 Rxg6 48. Rb6+ Kf7 49. Rb7+ Ke6
50. Rb6+ Kf7 51. Rb7+ Ke6 52. Rb6+ { Game drawn by repetition } 1/2-1/2

[Event "ICC tourney 2161 (75 10)"]
[Site "Internet Chess Club"]
[Date "2020.11.28"]
[Round "5"]
[White "mehtaaditya"]
[Black "handsomematch"]
[Result "1-0"]
[ICCResult "Black resigns"]
[WhiteElo "1511"]
[BlackElo "1222"]
[Opening "Four knights: Spanish, classical defense"]
[ECO "C48"]
[NIC "KP.03"]
[Time "14:47:52"]
[PlyCount "61"]
[TimeControl "4500+10"]


1. e4 e5 2. Nf3 Nc6 3. Nc3 Nf6 4. Bb5 Bc5 5. Nxe5 Nxe5 6. d4 Bd6 7. dxe5
Bxe5 8. O-O O-O 9. f3 h6 10. Nd5 c6 11. Nxf6+ Qxf6 12. Bd3 Bxb2 13. Rb1
Bxc1 14. Qxc1 b6 15. Qe3 Re8 16. f4 Qe7 17. Qg3 c5 18. f5 Qf6 19. Rbe1 d6
20. Bb5 Re7 21. Rd1 Qe5 22. Rxd6 Qxg3 23. hxg3 Bb7 24. f6 Rxe4 25. Rd7 Bc8
26. Rd8+ Kh7 27. Bd3 Bb7 28. Rxa8 Bxa8 29. Re1 gxf6 30. Bxe4+ Bxe4 31. Rxe4
{ Black resigns } 1-0

[Event "ICC tourney 2161 (75 10)"]
[Site "Internet Chess Club"]
[Date "2020.11.28"]
[Round "5"]
[White "jackl514"]
[Black "sushivishwa"]
[Result "1-0"]
[ICCResult "Black checkmated"]
[WhiteElo "1585"]
[BlackElo "1755"]
[Opening "Ruy Lopez: 5.O-O"]
[ECO "C78"]
[NIC "RL.12"]
[Time "14:47:55"]
[PlyCount "53"]
[TimeControl "4500+10"]


1. e4 e5 2. Nf3 Nc6 3. Bb5 a6 4. Ba4 Nf6 5. O-O b5 6. Bb3 Bc5 7. Nxe5 Nxe5
8. d4 Bxd4 9. Qxd4 d6 10. f4 c5 11. Qd1 Ng6 12. c4 Bb7 13. Nc3 b4 14. Nd5
Nxe4 15. Re1 f5 16. Ba4+ Kf7 17. Qh5 Bc8 18. Rxe4 fxe4 19. f5 Qh4 20. fxg6+
hxg6 21. Qxh4 Rxh4 22. Bg5 Rh8 23. Rf1+ Kg8 24. Ne7+ Kh7 25. Rf4 Bg4 26.
Rxg4 Rhf8 27. Rh4# { Black checkmated } 1-0

[Event "ICC tourney 2161 (75 10)"]
[Site "Internet Chess Club"]
[Date "2020.11.28"]
[Round "5"]
[White "otcm"]
[Black "lovechess12"]
[Result "1-0"]
[ICCResult "Black resigns"]
[WhiteElo "1448"]
[BlackElo "1285"]
[Opening "Grünfeld: modern exchange variation"]
[ECO "D85"]
[NIC "GI.03"]
[Time "14:48:09"]
[PlyCount "59"]
[TimeControl "4500+10"]


1. d4 Nf6 2. c4 g6 3. Nc3 d5 4. cxd5 Nxd5 5. Nf3 Bg7 6. e4 Nxc3 7. bxc3 c5
8. Bc4 O-O 9. O-O Bg4 10. Rb1 Qc7 11. Bd5 Nc6 12. Be3 Rfd8 13. Bxc6 Qxc6
14. d5 Qc7 15. c4 Be5 16. h3 Bc8 17. Re1 b6 18. Re2 Ba6 19. Qa4 Bb7 20.
Bxc5 bxc5 21. Nxe5 Qxe5 22. Rxb7 Rdb8 23. Rxb8+ Rxb8 24. Re1 Qc3 25. Re3
Qe5 26. g3 e6 27. Qxa7 Rb1+ 28. Kg2 Qf6 29. d6 Qd4 30. Rf3 { Black resigns
} 1-0

[Event "ICC tourney 2161 (75 10)"]
[Site "Internet Chess Club"]
[Date "2020.11.28"]
[Round "5"]
[White "VincentT2008"]
[Black "Niteshc"]
[Result "1-0"]
[ICCResult "Black checkmated"]
[WhiteElo "1751"]
[BlackElo "1630"]
[Opening "King's Indian: Sämisch, 5...O-O"]
[ECO "E81"]
[NIC "KI.48"]
[Time "14:48:09"]
[PlyCount "121"]
[TimeControl "4500+10"]


1. d4 Nf6 2. c4 g6 3. Nc3 Bg7 4. e4 O-O 5. f3 d6 6. Be3 Nbd7 7. Qd2 Re8 8.
Nge2 a5 9. g4 e5 10. d5 b6 11. Ng3 Nc5 12. h4 c6 13. dxc6 Qc7 14. h5 Ne6
15. Bh6 Nd4 16. Be2 Bxh6 17. Qxh6 Nc2+ 18. Kf2 Nxa1 19. hxg6 fxg6 20. g5
Nc2 21. gxf6 Be6 22. Nb5 Qf7 23. Nxd6 Qxf6 24. Qxh7+ Kf8 25. Nxe8 Rxe8 26.
Rh6 Bf7 27. Nf5 Nd4 28. Qh8+ Qxh8 29. Rxh8+ Bg8 30. Nh6 Kg7 31. Rxg8+ Rxg8
32. Nxg8 Nxc6 33. c5 Kxg8 34. cxb6 Kf7 35. Bc4+ Ke7 36. Bd5 Nb8 37. Kg3 Kf6
38. Kg4 Kg7 39. Kg5 Kh7 40. Kf6 Nd7+ 41. Ke6 Nxb6 42. Kxe5 Kg7 43. b3 g5
44. Be6 Kh6 45. Kd6 a4 46. Kc6 axb3 47. axb3 Na8 48. Kb7 Nb6 49. Kxb6 g4
50. Bxg4 Kg5 51. b4 Kf4 52. b5 Ke3 53. Ka7 Kf2 54. b6 Kg1 55. b7 Kf2 56.
b8=Q Kg1 57. Qg3+ Kf1 58. Qh2 Ke1 59. f4 Kf1 60. f5 Ke1 61. Qe2# { Black
checkmated } 1-0

[Event "ICC tourney 2161 (75 10)"]
[Site "Internet Chess Club"]
[Date "2020.11.28"]
[Round "5"]
[White "narayan0811"]
[Black "trucker"]
[Result "1-0"]
[ICCResult "Black resigns"]
[WhiteElo "1371"]
[BlackElo "1664"]
[Opening "Giuoco Pianissimo: Italian four knights variation"]
[ECO "C50"]
[NIC "IG.02"]
[Time "14:48:13"]
[PlyCount "67"]
[TimeControl "4500+10"]


1. e4 e5 2. Nf3 Nc6 3. Bc4 Bc5 4. Nc3 Nf6 5. d3 a6 6. O-O d6 7. h3 h6 8.
Be3 Bxe3 9. fxe3 Be6 10. Bb3 Qd7 11. Bxe6 Qxe6 12. d4 Ne7 13. Qd3 O-O-O 14.
d5 Qd7 15. a4 Rdf8 16. b4 Kb8 17. b5 a5 18. Rfb1 b6 19. Nd2 Ka7 20. Ne2 h5
21. Nc4 Rh6 22. Nxa5 bxa5 23. Qc3 Kb6 24. Qc6+ Qxc6 25. bxc6+ Ka6 26. Nc3
Ra8 27. Rb7 Ra7 28. Rab1 Nxe4 29. Nxe4 Nxd5 30. Kf2 f5 31. R7b5 Nb4 32. Nc3
Nxc6 33. Nd5 g5 34. Rb6+ { Black resigns } 1-0

[Event "ICC tourney 2161 (75 10)"]
[Site "Internet Chess Club"]
[Date "2020.11.28"]
[Round "5"]
[White "MikeWMason"]
[Black "ShanksGames"]
[Result "0-1"]
[ICCResult "White resigns"]
[WhiteElo "1762"]
[BlackElo "1591"]
[Opening "Dutch defense"]
[ECO "A90"]
[NIC "HD.03"]
[Time "14:48:10"]
[PlyCount "48"]
[TimeControl "4500+10"]


1. d4 e6 2. c4 f5 3. g3 Nf6 4. Bg2 c6 5. Nh3 Bb4+ 6. Bd2 Bxd2+ 7. Nxd2 d5
8. O-O O-O 9. b4 Qb6 10. b5 Qxd4 11. Qc2 Ne4 12. Nf3 Qxc4 13. Qxc4 dxc4 14.
bxc6 Nxc6 15. Rfc1 b5 16. a4 Ba6 17. axb5 Bxb5 18. Nfg5 Nxg5 19. Nxg5 Nd4
20. Bxa8 Nxe2+ 21. Kg2 Nxc1 22. Rxa7 Re8 23. Nxe6 Rxe6 24. Bd5 Bc6 { White
resigns } 0-1

[Event "ICC tourney 2161 (75 10)"]
[Site "Internet Chess Club"]
[Date "2020.11.28"]
[Round "5"]
[White "iamvoltu"]
[Black "RaymondJiang1"]
[Result "1-0"]
[ICCResult "Black checkmated"]
[WhiteElo "1600"]
[BlackElo "1456"]
[Opening "Queen's bishop game"]
[ECO "D00"]
[NIC "QP.08"]
[Time "14:47:50"]
[PlyCount "107"]
[TimeControl "4500+10"]


1. d4 d5 2. Bf4 Nf6 3. Nf3 Bf5 4. e3 e6 5. Bd3 Bg6 6. c4 Bb4+ 7. Nc3 Nc6 8.
a3 Bxc3+ 9. bxc3 Bxd3 10. Qxd3 h6 11. Rb1 Rb8 12. O-O O-O 13. Rb2 b6 14.
Rfb1 Nh5 15. Be5 f6 16. Bg3 Nxg3 17. hxg3 Na5 18. c5 Nc4 19. Rb3 e5 20. Nd2
e4 21. Qe2 Na5 22. R3b2 Qd7 23. c4 dxc4 24. Nxc4 Nxc4 25. Qxc4+ Qf7 26. Qa6
Ra8 27. Qb7 Qe7 28. cxb6 axb6 29. Rxb6 Rxa3 30. Rc6 Rf7 31. Qc8+ Kh7 32.
Rb7 Ra1+ 33. Kh2 Qf8 34. Qxf8 Rxf8 35. Rcxc7 Rg8 36. Rf7 Kg6 37. d5 Rd1 38.
Rfd7 Kf5 39. Rxg7 Rxg7 40. Rxg7 Rxd5 41. g4+ Ke6 42. Rg6 Rd2 43. Kg3 Rd5
44. Rxh6 Rg5 45. Rh5 Rxh5 46. gxh5 Kf5 47. Kh4 Ke5 48. h6 Kd5 49. h7 Kc4
50. h8=Q Kd3 51. Qxf6 Ke2 52. Kg3 Kf1 53. Qb2 Kg1 54. Qc1# { Black
checkmated } 1-0

[Event "ICC tourney 2161 (75 10)"]
[Site "Internet Chess Club"]
[Date "2020.11.28"]
[Round "5"]
[White "kwarrier"]
[Black "castle2king"]
[Result "1-0"]
[ICCResult "Black checkmated"]
[WhiteElo "1472"]
[BlackElo "1561"]
[Opening "Two knights defense, Perreux variation"]
[ECO "C55"]
[NIC "KP.02"]
[Time "14:48:39"]
[PlyCount "99"]
[TimeControl "4500+10"]


1. e4 e5 2. Nf3 Nc6 3. d4 exd4 4. Bc4 Nf6 5. Ng5 d5 6. exd5 Nxd5 7. O-O Be6
8. Re1 Be7 9. Rxe6 fxe6 10. Nxe6 Qd7 11. Bxd5 Bf6 12. Bf4 Rc8 13. Qh5+ g6
14. Qe2 Qe7 15. Nd2 Kd7 16. Ne4 d3 17. N6c5+ Ke8 18. Nxf6+ Kf8 19. Ncd7+
Kg7 20. Qxe7+ Nxe7 21. cxd3 c6 22. Be6 Rcf8 23. Be5 Kh6 24. Ng8+ Rhxg8 25.
Nxf8 Rxf8 26. Bd6 Re8 27. Bxe7 Rxe7 28. Re1 Kg5 29. Kf1 Kf6 30. Bg8 Rg7 31.
Re6+ Kf5 32. Re8 Kf6 33. Ke2 b5 34. d4 h5 35. Bb3 Re7+ 36. Rxe7 Kxe7 37.
Ke3 Kd6 38. Bf7 c5 39. dxc5+ Kxc5 40. Bxg6 Kc4 41. f4 a5 42. f5 b4 43. f6
a4 44. f7 a3 45. b3+ Kc3 46. f8=Q Kb2 47. Qxb4 Kxa2 48. Bxh5 Ka1 49. Qxa3+
Kb1 50. Bg6# { Black checkmated } 1-0

[Event "ICC tourney 2161 (75 10)"]
[Site "Internet Chess Club"]
[Date "2020.11.28"]
[Round "5"]
[White "Florina12345"]
[Black "sophiaz7"]
[Result "0-1"]
[ICCResult "White resigns"]
[WhiteElo "1330"]
[BlackElo "1462"]
[Opening "Scotch game"]
[ECO "C45"]
[NIC "SO.04"]
[Time "14:48:11"]
[PlyCount "50"]
[TimeControl "4500+10"]


1. e4 e5 2. Nf3 Nc6 3. d4 exd4 4. Nxd4 Qf6 5. Be3 Bc5 6. c3 Nge7 7. Bc4 d6
8. O-O Bb6 9. f4 O-O 10. Na3 Ng6 11. Nac2 Re8 12. Qd3 Bd7 13. Rae1 Re7 14.
Nb4 Nxb4 15. cxb4 Rae8 16. e5 dxe5 17. fxe5 Qxe5 18. Nc2 Bxe3+ 19. Rxe3 Qh5
20. Rxe7 Rxe7 21. Kh1 Qg5 22. Qf3 Ne5 23. Qd5 h6 24. Bb3 Bc6 25. Qd2 Qxd2 {
White resigns } 0-1

[Event "ICC tourney 2161 (75 10)"]
[Site "Internet Chess Club"]
[Date "2020.11.28"]
[Round "5"]
[White "LittleJimmy"]
[Black "attalone"]
[Result "1-0"]
[ICCResult "Black resigns"]
[WhiteElo "1489"]
[BlackElo "1700"]
[Opening "French: Tarrasch, closed variation"]
[ECO "C05"]
[NIC "FR.17"]
[Time "14:48:08"]
[PlyCount "131"]
[TimeControl "4500+10"]


1. e4 e6 2. d4 d5 3. Nd2 Nf6 4. e5 Nfd7 5. Bd3 c5 6. c3 Nc6 7. Ne2 Be7 8.
Nf3 cxd4 9. cxd4 O-O 10. O-O f6 11. exf6 Nxf6 12. Bf4 Bd6 13. Bxd6 Qxd6 14.
a3 e5 15. dxe5 Nxe5 16. Nxe5 Qxe5 17. Qd2 Ng4 18. Ng3 Qd6 19. h3 Nf6 20.
Rfe1 Bd7 21. Rac1 Bc6 22. Nf5 Qd8 23. Ne7+ Kh8 24. Nxc6 bxc6 25. Rxc6 Qd7
26. Rec1 Rac8 27. Rxc8 Rxc8 28. Rxc8+ Qxc8 29. Qc3 Qd8 30. Kf1 Kg8 31. b4
Ne4 32. Bxe4 dxe4 33. Qc4+ Kh8 34. Qxe4 Qd1+ 35. Qe1 Qd3+ 36. Kg1 h6 37.
Qa1 Qb3 38. Qc1 Qa4 39. Qe3 Qd1+ 40. Kh2 Qd6+ 41. Qg3 Qa6 42. f4 Qa4 43. f5
Qa6 44. Qb8+ Kh7 45. Qg3 Qb6 46. Qg6+ Qxg6 47. fxg6+ Kxg6 48. Kg3 Kf5 49.
Kf3 Ke5 50. Ke3 Kd5 51. Kd3 a6 52. a4 g6 53. g3 g5 54. g4 Ke5 55. Kc4 Kf4
56. b5 axb5+ 57. axb5 Kg3 58. b6 Kxh3 59. b7 Kxg4 60. b8=Q h5 61. Qh2 h4
62. Kd3 Kf3 63. Qh3+ Kf4 64. Ke2 g4 65. Qxh4 Kf5 66. Kf2 { Black resigns }
1-0

[Event "ICC tourney 2161 (75 10)"]
[Site "Internet Chess Club"]
[Date "2020.11.28"]
[Round "5"]
[White "Surajo"]
[Black "Khammurabi"]
[Result "1-0"]
[ICCResult "Black resigns"]
[WhiteElo "1771"]
[BlackElo "1601"]
[Opening "Scandinavian defense"]
[ECO "B01"]
[NIC "SD.03"]
[Time "14:48:11"]
[PlyCount "36"]
[TimeControl "4500+10"]


1. e4 d5 2. exd5 Nf6 3. Nf3 Bg4 4. d4 c6 5. c4 cxd5 6. Nc3 e6 7. Bf4 Nc6 8.
c5 Ne4 9. Be2 g5 10. Be3 f5 11. Nxe4 Bxf3 12. Nxg5 Bxe2 13. Qxe2 Qe7 14.
Qh5+ Kd7 15. Nf3 Bg7 16. Rd1 Raf8 17. Bh6 Rf6 18. Bg5 Qd6 { Black resigns }
1-0

[Event "ICC tourney 2161 (75 10)"]
[Site "Internet Chess Club"]
[Date "2020.11.28"]
[Round "5"]
[White "Clairehouses"]
[Black "TheSuperKing"]
[Result "0-1"]
[ICCResult "White checkmated"]
[WhiteElo "1566"]
[BlackElo "1731"]
[Opening "QGD: Ragozin variation"]
[ECO "D38"]
[NIC "NI.27"]
[Time "14:48:18"]
[PlyCount "154"]
[TimeControl "4500+10"]


1. d4 Nf6 2. c4 e6 3. Nf3 d5 4. Nc3 Bb4 5. a3 Bxc3+ 6. bxc3 O-O 7. Bg5 Nbd7
8. e3 c5 9. Bd3 dxc4 10. Bxc4 Qa5 11. Qb3 Ne4 12. Rc1 cxd4 13. Be7 dxe3 14.
fxe3 Re8 15. Bh4 Qc5 16. Nd4 Ne5 17. Be2 Nc6 18. Qb2 e5 19. Nc2 Qxc3+ 20.
Qxc3 Nxc3 21. Bc4 Ne4 22. O-O Nd6 23. Ba2 Be6 24. Bxe6 Rxe6 25. Nb4 Nb5 26.
a4 Nxb4 27. axb5 Rb6 28. Rc5 f6 29. Rb1 Nc6 30. Rbc1 Ne7 31. Rd1 Nf5 32.
Bf2 Nd6 33. Rcd5 Nxb5 34. e4 Nd4 35. Bxd4 exd4 36. R1xd4 Kf7 37. Kf2 Kg6
38. g4 Rc8 39. Rd2 Rc4 40. Kf3 Rb3+ 41. Kf4 Rcc3 42. Rf2 b5 43. Rd7 a5 44.
h4 h6 45. h5+ Kh7 46. e5 Rb4+ 47. Kf5 fxe5 48. Kxe5 Rxg4 49. Ke6 a4 50. Rf8
Re3+ 51. Kd6 Rd3+ 52. Kc7 Rxd7+ 53. Kxd7 a3 54. Ra8 b4 55. Kc6 Rg5 56. Ra4
Rxh5 57. Kd6 b3 58. Rxa3 Rb5 59. Kc6 b2 60. Kxb5 b1=Q+ 61. Ka4 h5 62. Rh3
Qd1+ 63. Kb4 Qd2+ 64. Ka3 Qd6+ 65. Kb2 Qb6+ 66. Kc1 Qg1+ 67. Kd2 Qg2+ 68.
Ke3 Qxh3+ 69. Kf2 Qf5+ 70. Kg3 h4+ 71. Kxh4 g5+ 72. Kg3 g4 73. Kg2 Qf3+ 74.
Kg1 Qe2 75. Kh1 g3 76. Kg1 Qf2+ 77. Kh1 Qh2# { White checkmated } 0-1

[Event "ICC tourney 2161 (75 10)"]
[Site "Internet Chess Club"]
[Date "2020.11.28"]
[Round "5"]
[White "rachael1120"]
[Black "beibeiolivia"]
[Result "0-1"]
[ICCResult "White resigns"]
[WhiteElo "1683"]
[BlackElo "1455"]
[Opening "Giuoco Piano"]
[ECO "C54"]
[NIC "IG.02"]
[Time "14:47:46"]
[PlyCount "104"]
[TimeControl "4500+10"]


1. e4 e5 2. Nf3 Nc6 3. Bc4 Bc5 4. c3 Nf6 5. d4 exd4 6. cxd4 Bb4+ 7. Bd2
Bxd2+ 8. Nbxd2 d5 9. exd5 Nxd5 10. Qb3 Na5 11. Qa4+ Nc6 12. Ne5 Bd7 13.
Bxd5 Nxe5 14. Qb3 Bc6 15. Bxc6+ Nxc6 16. d5 Ne7 17. Qb5+ c6 18. dxc6 Nxc6
19. Qxb7 Qe7+ 20. Qxe7+ Nxe7 21. O-O O-O 22. Rfe1 Nd5 23. Nc4 Rac8 24. Nd6
Rc2 25. Rab1 Rb8 26. a3 g6 27. Rbd1 Nf4 28. b4 Ne6 29. Rc1 Ra2 30. Rc3 Rd8
31. Ne4 Rd4 32. h3 Kg7 33. Nc5 Nf4 34. Rce3 Rdd2 35. Rf3 Ne2+ 36. Kf1 Nd4
37. Rf4 Rxa3 38. Re7 Ra1+ 39. Re1 Rdd1 40. Nd3 Rxe1+ 41. Nxe1 Nc2 42. Re4
f5 43. Re2 Nxb4 44. f3 Nd3 45. Re3 Rxe1+ 46. Rxe1 Nxe1 47. Kxe1 Kf6 48. Kd2
Ke5 49. Ke3 a5 50. Kd3 Kf4 51. Kc4 Kg3 52. Kb5 Kxg2 { White resigns } 0-1

[Event "ICC tourney 2161 (75 10)"]
[Site "Internet Chess Club"]
[Date "2020.11.28"]
[Round "5"]
[White "RockyWang"]
[Black "MYMChessWyatt"]
[Result "0-1"]
[ICCResult "White checkmated"]
[WhiteElo "1062"]
[BlackElo "1215"]
[Opening "Sicilian"]
[ECO "B54"]
[NIC "SI.01"]
[Time "14:47:56"]
[PlyCount "90"]
[TimeControl "4500+10"]


1. e4 c5 2. Nf3 d6 3. d4 cxd4 4. Nxd4 a6 5. Nc3 e6 6. Be3 b5 7. Qf3 Bb7 8.
Bd3 Nd7 9. Qh5 Ngf6 10. Qe2 b4 11. Nd1 Nxe4 12. Bf4 Ndc5 13. f3 Nf6 14. O-O
Be7 15. Bg5 O-O 16. Qd2 Nd5 17. Bxe7 Qxe7 18. Bc4 Qf6 19. Nf2 Nf4 20. Ne4
Nxe4 21. fxe4 e5 22. Ne2 Rac8 23. Bd5 Bxd5 24. exd5 Qg6 25. Nxf4 exf4 26.
Rac1 Rfe8 27. Rfe1 f3 28. g3 Qf5 29. Kf2 Re2+ 30. Rxe2 fxe2+ 31. Kg1 Rxc2
32. Qe3 Qe5 33. Qd2 Rxc1+ 34. Qxc1 e1=Q+ 35. Qxe1 Qxe1+ 36. Kg2 Qd2+ 37.
Kf3 Qxd5+ 38. Ke3 Qxa2 39. Kd3 Qxb2 40. Kc4 Qc3+ 41. Kd5 b3 42. Kxd6 b2 43.
Kd7 b1=Q 44. Kd6 Qd1+ 45. Ke7 Qe5# { White checkmated } 0-1